 Dungeon Crawl Stone Soup version 0.32-a0-673-g3729bd50f8 (webtiles) character file.

Game seed: 13277673214557234235

95 Sabo the Charlatan (level 4, 0/32 HPs)
             Began as a Coglin Artificer on Mar 10, 2024.
             Slain by a bombardier beetle (3 damage)
             ... on level 3 of the Dungeon.
             The game lasted 00:09:52 (2161 turns).

Sabo the Charlatan (Coglin Artificer)               Turns: 2161, Time: 00:09:54

Health: 0/32       AC:  9    Str: 14    XL:     4   Next: 65%
Magic:  4/4        EV:  7    Int: 11    God:
Gold:   89         SH:  0    Dex: 14    Spells: 3/3 levels left

rFire   . . .        n - +3 dagger {Doyun}
rCold   . . .        a - +0 hand axe {Somchit}
rNeg    . . .        o - +0 chain mail
rPois   .            (no helmet)
rElec   .            (no cloak)
rCorr   .            (no gloves)
SInv    .            j - +0 pair of boots
Will    .....        (amulet unavailable) Stlth
                     (ring unavailable)
HPRegen 0.25/turn    (ring unavailable)
MPRegen 0.09/turn    (no gizmo)

%: no passive effects
@: on fire, glowing, revved
A: off-hand wielding, slow wielding, warmup strikes, no jewellery
a: Invent Gizmo


You were on level 3 of the Dungeon.
You visited 1 branch of the dungeon, and saw 3 of its levels.

You collected 89 gold pieces.

Inventory:

Hand Weapons
 a - a +0 hand axe (offhand) {Somchit}
 n - a +3 dagger (weapon) {Doyun}
Missiles
 h - 3 poisoned darts (quivered)
Armour
 j - a +0 pair of boots (worn)
 o - a +0 chain mail (worn)
Talismans
 l - a beast talisman
Wands
 c - a wand of flame (15)
 d - a wand of charming (15)
 e - a wand of iceblast (5)
Scrolls
 k - a scroll of teleportation {unknown}
 m - a scroll of fog {unknown}
 p - a scroll of blinking {unknown}
Potions
 b - a potion of enlightenment {unknown}
 g - a potion of haste {unknown}
 i - 2 potions of curing {unknown}


   Skills:
 + Level 1.6 Fighting
 + Level 1.1 Short Blades
 + Level 0.8 Maces & Flails
 + Level 2.2 Armour
 + Level 1.4 Dodging
 + Level 0.7 Stealth
 + Level 5.3 Evocations


You had 3 spell levels left.
You didn't know any spells.
Your spell library contained the following spells:

 Spells                   Type           Power      Damage    Failure   Level
 Call Imp                 Summ           0%         N/A       100%        2
 Ensorcelled Hibernation  Hex/Ice        0%         N/A       100%        2
 Sublimation of Blood     Necr           0%         N/A       100%        2
 Fugue of the Fallen      Necr           0%         N/A       100%        3
 Inner Flame              Hex/Fire       0%         N/A       100%        3
 Anguish                  Hex/Necr       0%         N/A       100%        4
 Brom's Barrelling Bould  Conj/Erth      0%         2d3       100%        4
 Flame Wave               Conj/Fire      0%         2d4       100%        4
 Sticky Flame             Fire/Alch      0%         2d4       100%        4
 Fireball                 Conj/Fire      0%         3d3       100%        5
 Iskenderun's Battlesphe  Conj           0%         2d6       100%        5
 Conjure Ball Lightning   Conj/Air       0%         3x3d6     100%        6
 Orb of Destruction       Conj           0%         9d5       100%        7
 Summon Hydra             Summ           0%         N/A       100%        7


Dungeon Overview and Level Annotations

Branches:
Dungeon (3/15)

Altars:


Innate Abilities, Weirdness & Mutations

You can wield a second weapon in your off-hand.
It takes a long time for you to wield or remove held weapons.
Your first few attacks do less damage.
You cannot equip rings or amulets.


Message History

You hit the goblin with your +3 dagger.
You kill the goblin!
A ball python comes into view.
Things that are here:
a +0 club; a goblin corpse You hit the ball python with your +3 dagger.
The ball python is heavily wounded.
You slash the ball python with your +0 hand axe!
You kill the ball python!
You see here a ball python corpse.
Things that are here:
a +0 club; a goblin corpse You see here a +0 whip.
A bombardier beetle comes into view.
The bombardier beetle waves its antennae.
The bombardier beetle sprays incendiary fluid at you.
The burning spray hits you.
You are covered in liquid fire!
You shake off some of the fire as you move.
The liquid fire burns you!
You hit the bombardier beetle but do no damage. x2
The liquid fire burns you!
The bombardier beetle sprays incendiary fluid at you.
The burning spray hits you.
You are even more covered in liquid fire!
You hit the bombardier beetle but do no damage.
You hit the bombardier beetle with your +0 hand axe.
The liquid fire burns you!
The bombardier beetle completely misses you.
You barely miss the bombardier beetle with your +0 hand axe.
The bombardier beetle is moderately wounded.
You barely miss the bombardier beetle with your +3 dagger.
The liquid fire burns you!
You hit the bombardier beetle but do no damage.
The bombardier beetle is moderately wounded.
You barely miss the bombardier beetle with your +3 dagger.
The liquid fire burns you!
* * * LOW HITPOINT WARNING * * *
The bombardier beetle bites you.
You die...

## ... .. ... ##
..# .. #..# ##
#..# #..# ####
##B.# ##... #@..#
##.... #.#.#
##..... #.#.#
#...... #.#†#
#..)... #.#.#
##...... #.#.#
##..[.<.. #)#)###
#.#......
#.....#####...#...
###.........####.#


You could see a bombardier beetle.

Vanquished Creatures
  3 adders (D:2)
  3 dart slugs
  2 ribbon worms (D:2)
  3 ball pythons
  7 bats
  4 endoplasms
  4 giant cockroaches (D:1)
  3 goblins
  2 hobgoblins (D:1)
  3 jackals (D:3)
  2 quokkas
  6 frilled lizards
  7 kobolds
  7 rats
56 creatures vanquished.

Notes
Turn   | Place    | Note
-------+----------+-------------------------------------------
     0 | D:1      | Sabo the Coglin Artificer began the quest for the Orb.
     0 | D:1      | Reached XP level 1. HP: 15/15 MP: 1/1
    73 | D:1      | Reached XP level 2. HP: 20/21 MP: 2/2
   293 | D:1      | Reached skill level 5 in Evocations
   322 | D:1      | Reached skill level 1 in Dodging
   505 | D:1      | Reached XP level 3. HP: 20/26 MP: 3/3
  1213 | D:2      | Reached XP level 4. HP: 32/32 MP: 4/4
  1589 | D:2      | Reached skill level 1 in Short Blades
  2161 | D:3      | Slain by a bombardier beetle

Illustrated notes

Levels and vault maps discovered:
D:1:      orjb1_clovarrival, layout_loops_ring, serial_glass, glass_columns_a,
          glass_columns_c
D:2:      layout_basic, glass_columns_a, minmay_pentomino_v2
D:3:      layout_loops_ring, grunt_ministairs_14, chequers_serial_rivers_micro_e

Skill      XL: |  1  2  3  4 |
---------------+-------------+-----
Evocations     | 5 |  5.3
Dodging        | 1 |  1.4
Armour         | 2 |  2.2
Short Blades   | 1 |  1.1
Fighting       | |  1.6
Maces & Flails | |  0.8
Stealth        | |  0.7

Action                     |  1- 3 |  4- 6 || total
---------------------------+-------+-------++-------
  Melee: Club              |    82 |       ||    82
         Dagger            |    66 |    60 ||   126
         Short sword       |    58 |    13 ||    71
         Hand axe          |       |    45 ||    45
    Use: Scroll            |       |     1 ||     1
 Armour: Leather armour    |    63 |    14 ||    77
         Chain mail        |       |    33 ||    33
  Dodge: Dodged            |    56 |    34 ||    90

Table legend: (Time is in decaauts)
 A = Elapsed time spent in this place.
 B = Non-inter-level travel time spent in this place.
 C = Inter-level travel time spent in this place.
 D = Time resting spent in this place.
 E = Time spent auto-exploring this place.
 F = Levels seen in this place.
 G = Mean time per level.
                   A        B        C        D        E       F      G
               +--------+--------+--------+--------+--------+-----+--------+
         Total |   2184 |   2184 |      0 |    351 |      0 |   3 |  728.0 |
       Dungeon |   2184 |   2184 |      0 |    351 |      0 |   3 |  728.0 |
               +--------+--------+--------+--------+--------+-----+--------+

Top non-repeatable levels by time:
     D:2: 1115 daAuts
     D:1: 962 daAuts
     D:3: 106 daAuts
